 Seeded DCSS version 0.30-a0-279-g4b46babb21 (webtiles) character file.

Game seed: 9700494114414739991 (custom seed)

797 hikkokomori the Trooper (level 7, -8/67 HPs)
             Began as a Gargoyle Berserker on Oct 17, 2022.
             Was a Believer of Trog.
             Killed from afar by an oklob plant (11 damage)
             ... with a splash of acid
             ... on level 4 of the Dungeon.
             The game lasted 00:05:02 (2597 turns).

hikkokomori the Trooper (Gargoyle Berserker)        Turns: 2597, Time: 00:05:03

Health: -8/67      AC: 24    Str: 27    XL:     7   Next: 89%
Magic:  7/7        EV:  9    Int:  7    God:    Trog [**....]
Gold:   170        SH:  0    Dex: 11    Spells: 6/6 levels left

rFire   . . .      SeeInvis .    a - +0 hand axe
rCold   + . .      Faith    .    (no shield)
rNeg    + . .      Spirit   .    h - +18 Lear's hauberk
rPois   ∞          Reflect  .    (helmet currently unavailable)
rElec   +          Harm     .    (no cloak)
rCorr   .          Rampage  .    (gloves currently unavailable)
Will    .....                    (boots currently unavailable)
Stlth   ..........               (no amulet)
HPRegen 0.31/turn                c - ring of protection from cold
MPRegen 0.10/turn                q - +6 ring of strength

@: berserking, corroded, studying Throwing, very quick
A: sickness immunity, AC +4, negative energy resistance 1, electricity
resistance, torment resistance 1, petrification resistance
a: Renounce Religion, Berserk, Trog's Hand


You were on level 4 of the Dungeon.
You worshipped Trog.
Trog was pleased with you.
You visited 1 branch of the dungeon, and saw 4 of its levels.

You collected 170 gold pieces.

Inventory:

Hand Weapons
 a - a +0 hand axe (weapon)
Armour
 b - a +0 animal skin
 h - the +18 Lear's hauberk (worn)
   (You acquired it on level 1 of the Dungeon)
 i - the +0 pair of boots of the Circus Animal {Contam rN+++ Str+2 Dex+3}
   (You acquired it on level 1 of the Dungeon)

   Str:       It affects your strength (+2).
   Dex:       It affects your dexterity (+3).
   rN:        It renders you almost immune to negative energy.
   Contam:    It causes magical contamination when unequipped.
Jewellery
 c - a ring of protection from cold (left hand)
 o - a ring of fire
 q - a +6 ring of strength (right hand)
 A - a +4 ring of evasion
Wands
 t - a wand of paralysis (10)
Scrolls
 e - a scroll of amnesia {unknown}
 f - a scroll of fog {unknown}
 g - a scroll of vulnerability {unknown}
 j - 3 scrolls of identify {unknown}
 k - 2 scrolls of noise {unknown}
 l - 4 scrolls of teleportation {unknown}
 r - a scroll of brand weapon {unknown}
 s - a scroll of immolation {unknown}
 v - a scroll of magic mapping {unknown}
 y - a scroll of blinking {unknown}
Potions
 d - 3 potions of berserk rage {unknown}
 m - 3 potions of brilliance {unknown}
 n - a potion of attraction {unknown}
 p - 3 potions of magic {unknown}
 u - 2 potions of invisibility {unknown}
 w - 2 potions of haste {unknown}
 x - a potion of mutation {unknown}
 z - a potion of flight {unknown}
 B - a potion of degeneration {unknown}


   Skills:
 + Level 5.7 Fighting
 + Level 4.7 Axes
 + Level 4.9 Throwing
 + Level 5.0 Armour
 - Level 2.0 Dodging


You had 6 spell levels left.
You didn't know any spells.
Your spell library contained the following spells:

 Spells                   Type           Power      Damage    Failure   Level
 Ensorcelled Hibernation  Hex/Ice        0%         N/A       98%         2


Dungeon Overview and Level Annotations

Branches:
Dungeon (4/15)
 Temple: D:4-7

Altars:
Fedhas
Gozag
Nemelex Xobeh
Wu Jian

Shops:
D:2 (   D:4 :

Annotations:
D:4 exclusion: oklob plant


Innate Abilities, Weirdness & Mutations

You are immune to sickness and miasma.
Your stone body is resilient. (AC +4)
You are immune to poison.
You resist negative energy. (rN+)
You are resistant to electric shocks. (rElec)
You are resistant to unholy torment.
You are immune to petrification.


Message History

A red film seems to cover your vision as you go berserk!
You feel yourself moving faster!
You feel mighty!
A nearby plant withers and dies. x2
You slash the oklob plant!
The oklob plant is lightly damaged.
You slash the plant!
The plant begins to die.
Unknown command.
You slash the oklob plant!
The oklob plant is moderately damaged.
You hit the plant. The oklob plant spits acid at you.
The splash of acid hits you but does no damage.
The acid corrodes you!
Unknown command.
You slash the oklob plant!
The oklob plant is heavily damaged.
You hit the plant. The oklob plant spits acid at you.
The splash of acid hits you!
* * * LOW HITPOINT WARNING * * *
Unknown command.
You completely miss the oklob plant.
The oklob plant is heavily damaged.
You slash the plant!
Unknown command.
You hit the oklob plant.
The oklob plant is severely damaged.
You hit the plant but do no damage.
A nearby plant withers and dies.
Unknown command.
You hit the oklob plant.
The oklob plant is severely damaged.
Unknown command.
You hit the oklob plant.
The oklob plant is severely damaged.
Unknown command.
You hit the oklob plant but do no damage.
The oklob plant is severely damaged.
The oklob plant spits acid at you. The splash of acid hits you!
You die...

#P.♣..~≈≈~._.≈≈≈~.PP
#P##P.≈≈≈~...~≈≈~.PP
#..#..~≈≈~~.~~~
#PP♣♣..~≈≈~.~~
#PPP#...~≈~.~~
#P.PP....~~.~~
#PPP...#......
#P......#PPPP♣
#P♣.@..P.#PPPP


#PPP..PP#..PPP #PPPPPP.PP♣.P♣ ##################### #.##.#....... ...........
#.#.#..##. ####......##. #........#... You could see an oklob plant.

Vanquished Creatures
  Pikel (D:4)
  Sigmund (D:2)
  An orc priest (D:4)
  Jessica (D:2)
  An iguana (D:4)
  3 gnolls (D:2)
  2 adders
  A worm (D:2)
  2 dart slugs
  6 orcs
  2 bats
  2 endoplasms
  4 giant cockroaches
  4 goblins
  5 hobgoblins
  6 jackals
  4 kobolds
  5 quokkas
  5 ball pythons
  9 frilled lizards (D:1)
  2 rats
67 creatures vanquished.

Vanquished Creatures (others)
  3 fungi (D:4)
  13 plants
16 creatures vanquished.

Grand Total: 83 creatures vanquished

Notes
Turn   | Place    | Note
-------+----------+-------------------------------------------
     0 | D:1      | hikkokomori the Gargoyle Berserker began the quest for the
                  | Orb.
     0 | D:1      | Reached XP level 1. HP: 14/14 MP: 1/1
   112 | D:1      | Reached XP level 2. HP: 19/19 MP: 2/2
   276 | D:1      | Reached ** piety under Trog
   278 | D:1      | Reached XP level 3. HP: 16/23 MP: 3/3
   507 | D:1      | Identified 3 scrolls of acquirement
   507 | D:1      | Acquired the +0 pair of boots of the Circus Animal {Contam
                  | rN+++ Str+2 Dex+3}
   508 | D:1      | Acquired the +18 Lear's hauberk
   508 | D:1      | Found the +18 Lear's hauberk
   522 | D:1      | Acquired a manual of Throwing
   650 | D:2      | Noticed Jessica
   658 | D:2      | Killed Jessica
   659 | D:2      | Reached skill level 1 in Throwing
   659 | D:2      | Reached XP level 4. HP: 29/29 MP: 4/4
   675 | D:2      | Got Jessica's Papyrus of Beguiling
   796 | D:2      | HP: 1/43 [gnoll/+0 spear (5)]
  1174 | D:2      | Found Nownom's Weapon Shop.
  1320 | D:2      | Noticed Sigmund
  1332 | D:2      | Killed Sigmund
  1333 | D:2      | Reached XP level 5. HP: 34/34 MP: 5/5
  1333 | D:2      | Reached XP level 6. HP: 39/39 MP: 6/6
  1343 | D:2      | Identified the +0 scale mail of Duty {Int+3}
  1881 | D:3      | Found an ornate altar of the Wu Jian Council.
  2138 | D:4      | Found Paozumom's Self-Improvement Boutique.
  2428 | D:4      | Found an opulent altar of Gozag.
  2428 | D:4      | Found a sparkling altar of Nemelex Xobeh.
  2470 | D:4      | Noticed Pikel
  2489 | D:4      | Killed Pikel
  2490 | D:4      | Reached skill level 5 in Fighting
  2490 | D:4      | Reached skill level 5 in Armour
  2490 | D:4      | Reached XP level 7. HP: 40/45 MP: 7/7
  2552 | D:4      | Found a blossoming altar of Fedhas.
  2569 | D:4      | Noticed an oklob plant
  2592 | D:4      | HP: 2/67 [oklob plant/splash of acid (13)]
  2597 | D:4      | Killed from afar by an oklob plant

Illustrated notes

Levels and vault maps discovered:
D:1:      minmay_arrival_three_doors, layout_rooms, minmay_lizard_king
D:2:      layout_loops_corners, serial_shops, nicolae_diamond_shop,
          kennysheep_jessica_study, uniq_sigmund
D:3:      layout_loops_ring, lemuel_tele_altar, uniq_jessica
D:4:      cheibrodos_thug_alley, layout_loops_ring,
          grunt_temple_overflow_opulence, tgw_fedhas, nicolae_shop_self_help,
          uniq_natasha, uniq_pikel

Skill      XL: |  1  2  3  4  5  6 |
---------------+-------------------+-----
Axes           | 3 4 |  4.7
Dodging        | 2 |  2.0
Throwing       | 1 2 4 |  4.9
Armour         | 3 5 |  5.0
Fighting       | 4 5 |  5.7

Action                   |  1- 3 |  4- 6 |  7- 9 || total
-------------------------+-------+-------+-------++-------
Melee: Hand axe          |    80 |   139 |    26 ||   245
Invok: Berserk           |     1 |     3 |     1 ||     5
  Use: Scroll            |     3 |       |       ||     3
Armor: Animal skin       |    38 |       |       ||    38
       Chain mail        |     7 |    83 |     8 ||    98
Dodge: Dodged            |    65 |    59 |     8 ||   132

Table legend: (Time is in decaauts)
 A = Elapsed time spent in this place.
 B = Non-inter-level travel time spent in this place.
 C = Inter-level travel time spent in this place.
 D = Time resting spent in this place.
 E = Time spent auto-exploring this place.
 F = Levels seen in this place.
 G = Mean time per level.
                   A        B        C        D        E       F      G
               +--------+--------+--------+--------+--------+-----+--------+
         Total |   2659 |   2598 |     61 |     72 |   1958 |   4 |  664.8 |
       Dungeon |   2659 |   2598 |     61 |     72 |   1958 |   4 |  664.8 |
               +--------+--------+--------+--------+--------+-----+--------+

Top non-repeatable levels by time:
     D:2: 1035 daAuts
     D:1: 573 daAuts
     D:3: 558 daAuts
     D:4: 492 daAuts
